AoeStats
← Chris

Socotra

505994592Analyzed
4v4 RM · 20d ago on Sep 12, 2026· 24m 59s· 8 players
Game mode
Random Map
Map size
148×148
Population
200
Speed
Normal
Resources
Standard
Victory
Conquest
Starting age
Dark Age
Ending age
Imperial Age
RankedLock teamsTeams togetherTeam positionsShared explorationLock speedFull tech treeHidden civsTurbo modeCheats
Victory
Defeat
🇹🇼 Magyars · Taiwan
1428
+14
🇮🇳 Khmer · India
1397
+16
🇲🇽 Chinese · Mexico
1396
+16
🇲🇽 Romans · Mexico
1370
+17
🇧🇷 Dravidians · Brazil
1494
-20
🇨🇱 Hindustanis · Chile
1387
-16
🇦🇷 Magyars · Argentina
1341
-14
🇺🇸 Franks · United States
1337
-13
AZG021113
0:26 Loom
10:01 Feudal Age
19:18 Wheelbarrow
21:37 Castle Age
20:14 Fletching
20:58 Padded Archer Armor
22:01 Crossbowman
22:37 Bodkin Arrow
ggsadpom,sdf
6:04 Loom
8:40 Feudal Age
14:10 Double-Bit Axe
15:20 Scale Barding Armor
18:10 Horse Collar
19:53 Bloodlines
24:59 Castle Age
Vu_PY
11:21 Feudal Age
14:39 Castle Age
12:49 Double-Bit Axe
13:04 Horse Collar
14:45 Light Cavalry
17:44 Bloodlines
19:04 Scale Barding Armor
21:18 Husbandry
24:07 Chain Barding Armor
26:03 Wheelbarrow
Kanon
6:52 Loom
9:08 Feudal Age
9:40 Man-at-Arms
11:04 Scale Mail Armor
15:21 Fletching
22:11 Padded Archer Armor
Chris
8:57 Loom
11:19 Feudal Age
11:58 Double-Bit Axe
13:08 Scale Barding Armor
13:13 Forging
23:24 Fletching
BocaJuniorsElMasGrande
0:53 Loom
6:36 Loom
7:33 Loom
9:32 Feudal Age
15:34 Double-Bit Axe
16:15 Horse Collar
21:31 Castle Age
21:06 Bloodlines
22:01 Scale Barding Armor
21:44 Light Cavalry
23:52 Husbandry
LaPosta
0:37 Loom
10:22 Feudal Age
11:04 Double-Bit Axe
22:31 Castle Age
22:16 Fletching
22:27 Horse Collar
23:45 Bodkin Arrow
Kuroko
6:06 Loom
9:21 Feudal Age
14:51 Fletching
16:28 Padded Archer Armor
24:46 Castle Age
23:46 Double-Bit Axe
24:51 Crossbowman
Connection lost

Rejoining the realm…

Still unreachable

The connection could not be restored.

Session expired

The server has moved on; the page needs a fresh start.